Map: Pillars of Gold LE

Players

MCanning

  • Race: Protoss Protoss
  • Spawn Location: 7:00

Silky - Winner!

  • Race: Zerg Zerg
  • Spawn Location: 1:00

Event: DreamHack SC2 Masters 2020 Fall

VOD

Have the link to the VOD?

Description

Time

  • Played on: Sept. 3, 2020, 5:22 p.m.
  • Length: 8:04

All games in this series

Show
View Real Time Build Order
Export as new Build Order

MCanning Protoss 

Build Orders: Oracle Opening, Phoenix Opening, Zealot Archon 

Get SALT Encoding   

  12  0:00  Probe  
  13  0:12  Probe  
  14  0:19  Pylon  
  14  0:24  Probe  
  15  0:37  Probe (Chrono Boost)  
  15  0:41  Gateway  
  16  0:49  Probe (Chrono Boost)  
  17  0:53  Assimilator  
  17  0:54  Probe (Chrono Boost)  
  18  1:01  Unknown  
  18  1:02  Unknown  
  18  1:03  Unknown  
  18  1:04  Probe  
  19  1:16  Probe  
  20  1:24  Pylon  
  20  1:29  Probe  
  21  1:41  Probe  
  22  1:48  Nexus  
  22  1:52  Cybernetics Core  
  22  2:00  Pylon  
  22  2:02  Probe  
  22  2:07  Assimilator  
  23  2:18  Zealot (Chrono Boost)  
  23  2:21  Probe  
  25  2:33  Probe  
  26  2:38  Stargate, Adept (Chrono Boost)  
  26  2:43  Warp Gate  
  28  2:45  Probe  
  29  2:57  Probe  
  29  3:10  Gateway  
  30  3:16  Adept  
  32  3:20  Oracle (Chrono Boost)  
  35  3:28  Probe (Chrono Boost)  
  35  3:30  Probe (Chrono Boost)  
  37  3:44  Probe x2 (Chrono Boost)  
  38  3:49  Probe (Chrono Boost)  
  38  3:51  Probe  
  38  3:53  Phoenix (Chrono Boost)  
  42  3:58  Gateway  
  43  4:03  Probe x2 (Chrono Boost)  
  43  4:06  Pylon  
  44  4:18  Probe (Chrono Boost), Pylon  
  44  4:20  Probe (Chrono Boost)  
  44  4:21  Oracle (Chrono Boost)  
  46  4:28  Probe  
  46  4:31  Assimilator  
  50  4:33  Probe  
  50  4:35  Assimilator  
  51  4:40  Probe  
  51  4:45  Probe  
  53  4:52  Probe  
  54  4:56  Robotics Facility  
  54  4:57  Stalker, Probe  
  57  5:00  Stargate  
  57  5:06  Probe  
  58  5:09  Adept, Probe  
  58  5:12  Pylon  
  61  5:18  Probe  
  62  5:29  Nexus  
  62  5:30  Probe x2  
  62  5:32  Pylon  
  62  5:34  Sentry x2  
  68  5:43  Probe (Chrono Boost)  
  68  5:44  Forge  
  68  5:46  Twilight Council  
  68  5:47  Probe (Chrono Boost)  
  70  5:50  Observer (Chrono Boost)  
  70  5:54  Probe (Chrono Boost)  
  73  5:57  Probe (Chrono Boost)  
  73  5:58  Probe (Chrono Boost)  
  74  6:04  Adept  
  74  6:07  Probe  
  74  6:09  Probe  
  76  6:19  Pylon, Probe  
  76  6:21  Probe  
  76  6:24  Charge (Chrono Boost)  
  76  6:31  Templar Archives, Probe  
  76  6:32  Gateway  
  77  6:33  Probe  
  77  6:36  Shield Battery, Immortal (Chrono Boost)  
  82  6:43  Probe  
  82  6:44  Adept x2  
  82  6:45  Probe  
  82  6:46  Probe  
  88  6:55  Probe  
  88  7:00  Probe  
  89  7:02  Assimilator  
  89  7:06  Probe  
  89  7:07  Gateway  
  90  7:11  Gateway  
  90  7:12  High Templar x2  
  94  7:16  Probe  
  94  7:21  Gateway  
  95  7:24  Gateway  
  95  7:25  Gateway  
  95  7:29  Assimilator  
  94  7:32  Pylon  
  94  7:33  Probe  
  94  7:35  Photon Cannon  
  95  7:38  High Templar  
  95  7:40  Photon Cannon, Probe  
  95  7:43  Shield Battery  
  98  7:45  Archon  
  98  7:47  Zealot  
  92  7:52  Zealot  
Show
View Real Time Build Order
Export as new Build Order

Silky Zerg - Winner!

Build Orders: Pool First 

Get SALT Encoding   

  12  0:00  Drone  
  13  0:12  Overlord  
  13  0:17  Drone  
  14  0:31  Drone x2  
  14  0:35  Drone  
  17  0:44  Extractor  
  17  0:47  Drone  
  17  0:51  Spawning Pool  
  17  0:56  Drone  
  17  1:06  Drone  
  18  1:20  Drone  
  19  1:32  Hatchery  
  19  1:37  Zergling x2  
  19  1:40  Queen  
  19  1:46  Overlord  
  21  1:53  Metabolic Boost  
  21  1:58  Zergling x2  
  22  2:05  Drone  
  23  2:13  Drone  
  24  2:16  Queen  
  24  2:22  Drone  
  27  2:32  Drone  
  28  2:44  Drone  
  28  2:45  Drone  
  28  2:50  Drone x2  
  32  2:54  Drone  
  34  2:58  Drone x2  
  35  3:06  Drone  
  35  3:12  Hatchery  
  34  3:16  Overlord  
  34  3:19  Drone  
  35  3:22  Drone  
  36  3:32  Overlord  
  36  3:34  Queen  
  36  3:35  Drone x3  
  36  3:36  Drone x2  
  36  3:39  Spore Crawler  
  36  3:40  Drone  
  42  3:43  Drone  
  44  3:48  Zergling x2  
  44  3:52  Zergling x2  
  44  3:53  Spore Crawler  
  44  3:59  Drone x3  
  44  4:01  Drone  
  48  4:04  Drone  
  49  4:12  Queen  
  49  4:14  Overlord  
  51  4:17  Drone  
  51  4:21  Overlord  
  52  4:24  Overlord  
  52  4:25  Queen  
  52  4:26  Drone x2  
  52  4:27  Spore Crawler  
  52  4:28  Drone  
  56  4:33  Drone x3  
  59  4:40  Drone  
  59  4:42  Overlord  
  59  4:43  Drone  
  59  4:44  Drone  
  61  4:50  Drone x3  
  63  4:56  Drone  
  64  5:00  Overlord  
  64  5:01  Roach Warren, Zergling x2  
  64  5:05  Drone  
  64  5:06  Drone x2  
  67  5:07  Extractor, Lair  
  67  5:10  Drone x2, Extractor, Spore Crawler  
  67  5:12  Extractor  
  66  5:14  Drone  
  66  5:16  Evolution Chamber  
  66  5:20  Drone  
  66  5:21  Drone  
  67  5:23  Zergling x2  
  67  5:25  Overlord  
  67  5:27  Drone x2  
  69  5:30  Drone x3  
  69  5:31  Drone  
  69  5:34  Drone x2  
  75  5:40  Drone  
  75  5:41  Extractor  
  75  5:43  Drone x2, Zerg Missile Weapons Level 1  
  75  5:44  Drone  
  75  5:47  Zergling x4  
  80  5:50  Overlord  
  80  5:55  Zergling x2  
  81  5:57  Overlord  
  81  6:01  Overlord  
  80  6:06  Glial Reconstitution, Drone  
  80  6:07  Hydralisk Den  
  75  6:19  Hatchery  
  75  6:21  Overlord x2  
  75  6:22  Overlord x2  
  74  6:36  Hydralisk  
  74  6:37  Grooved Spines, Hydralisk x8  
  92  6:44  Hydralisk x3  
  92  6:46  Roach  
  100  6:50  Roach x2  
  100  6:54  Roach x3  
  107  7:00  Roach x3  
  115  7:03  Roach x2  
  115  7:05  Overseer  
  115  7:07  Roach  
  121  7:10  Roach x2  
  121  7:14  Roach x2  
  129  7:16  Roach  
  129  7:17  Roach  
  129  7:21  Roach  
  135  7:24  Roach x2  
  135  7:27  Ravager  
  135  7:28  Zergling x6  
  143  7:33  Zergling x8  
  143  7:34  Zergling x2  
  143  7:35  Zergling x2  
  148  7:38  Ravager  
  148  7:39  Ravager  
  148  7:41  Zergling x8  

Tags
 
Add a new tag
Caveats
  • Supply blocks, unpowered buildings, or Contaminate may cause inaccurate times.
  • Supply counts are checked every 10 seconds.